 Dungeon Crawl Stone Soup version 0.29-a0-1043-g569b05d6ff (webtiles) character file.

Game seed: 17953197796391126743

173484 jfcaron the Skirmisher (level 18, -27/137 (143) HPs)
             Began as a Gnoll Hunter on Aug 6, 2022.
             Was the Champion of Dithmenos.
             Annihilated by a naga warrior
             ... wielding a +0 trident
              (38 damage)
             ... on level 4 of the Snake Pit on Aug 15, 2022.
             The game lasted 02:31:01 (37004 turns).

jfcaron the Skirmisher (Gnoll Hunter)              Turns: 37004, Time: 02:31:03

HP:   -27/137 (143) AC: 22    Str: 21    XL:     18   Next: 5%
MP:   34/34         EV: 16    Int: 10    God:    Dithmenos [******]
Gold: 1054          SH: 13    Dex: 20    Spells: 26/42 levels left

rFire   + + .      SeeInvis +   a - +9 broad axe (elec)
rCold   . . .      Faith    .   J - +0 kite shield {reflect}
rNeg    . . .      Spirit   .   k - quicksilver dragon scales
rPois   +          Reflect  +   p - +0 helmet {SInv}
rElec   .          Harm     .   D - scarf {+Inv}
rCorr   .          Rampage  .   l - +4 pair of gloves of the Mackerel {rF++ Str-2 Dex+4}
Will    ++...                   R - +0 pair of boots
Stlth   +++++++++.              L - amulet of regeneration
HPRegen 1.12/turn               v - ring of poison resistance
MPRegen 0.24/turn               X - +6 ring of strength

@: lethally poisoned (-27 -> -32), wreathed by umbra, constricted, lightly
drained
A: fangs 1, strong nose, distributed training
a: Renounce Religion, Evoke Invisibility, Shadow Step, Shadow Form


You were on level 4 of the Snake Pit.
You worshipped Dithmenos.
Dithmenos was exalted by your worship.
You visited 6 branches of the dungeon, and saw 30 of its levels.
You also visited: Sewer and Gauntlet.

You collected 3672 gold pieces.
You spent 2618 gold pieces at shops.

Inventory:

Hand Weapons
 a - a +9 broad axe of electrocution (weapon)
 b - a +5 quick blade of freezing
 g - the +9 demon blade of Extremism {vamp, rF+ Str+3}
   (You bought it in a shop on level 1 of the Snake Pit)

   It occasionally heals its wielder for a portion of the damage dealt when it
   wounds a living foe.
   Str:       It affects your strength (+3).
   rF:        It protects you from fire.
Missiles
 i - 16 curare-tipped darts {!f}
 o - 17 poisoned darts (quivered)
 w - 3 boomerangs of dispersal
 A - 8 javelins
 K - 2 throwing nets {!f}
 P - a silver javelin {!f}
Armour
 k - quicksilver dragon scales (worn)
 l - the +4 pair of gloves of the Mackerel (worn) {rF++ Str-2 Dex+4}
   (You found it on level 2 of the Dungeon)

   Str:       It affects your strength (-2).
   Dex:       It affects your dexterity (+4).
   rF:        It greatly protects you from fire.
 p - a +0 helmet of see invisible (worn)
 D - a scarf of invisibility (worn)
 J - a +0 kite shield of reflection (worn)
 R - a +0 pair of boots (worn)
Magical Staves
 d - a staff of air
Jewellery
 v - a ring of poison resistance (left hand)
 L - an amulet of regeneration (around neck)
 Q - a ring of willpower
 X - a +6 ring of strength (right hand)
 Y - a ring of ice
Wands
 c - a wand of digging (8)
 f - a wand of light (16)
 h - a wand of mindburst (3)
 I - a wand of roots (3)
 V - a wand of paralysis (32)
Scrolls
 e - 2 scrolls of blinking
 n - 2 scrolls of magic mapping
 q - 13 scrolls of teleportation
 s - 5 scrolls of immolation
 t - 3 scrolls of fear
 E - a scroll of fog
 F - 2 scrolls of poison
 M - 7 scrolls of silence
 S - 4 scrolls of vulnerability
Potions
 j - 5 potions of heal wounds
 r - 12 potions of curing
 u - 2 potions of attraction
 x - 2 potions of magic
 y - 3 potions of might
 z - 3 potions of haste
 B - 5 potions of resistance
 C - 2 potions of lignification
 H - 5 potions of brilliance
 O - 3 potions of cancellation
 T - 2 potions of berserk rage
 U - 2 potions of ambrosia
 W - 3 potions of flight
 Z - a potion of invisibility
Miscellaneous
 m - a tin of tremorstones (inert)
 G - a box of beasts
 N - a phial of floods


   Skills:
 + Level 13.3 Fighting
 + Level 12.5 Short Blades
 + Level 12.5 Long Blades
 + Level 12.5 Axes
 + Level 12.5 Maces & Flails
 + Level 12.5 Polearms
 + Level 12.5 Staves
 + Level 14.9 Ranged Weapons
 + Level 12.5 Throwing
 + Level 12.5 Armour
 + Level 13.3 Dodging
 + Level 12.7 Stealth
 + Level 12.5 Shields
 + Level 12.5 Unarmed Combat
 + Level 12.5 Spellcasting
 + Level 10.6 Conjurations
 + Level 10.6 Hexes
 + Level 10.6 Summonings
 + Level 10.6 Necromancy
 + Level 10.6 Translocations
 + Level 10.6 Transmutations
 + Level 10.6 Fire Magic
 + Level 10.6 Ice Magic
 + Level 10.6 Air Magic
 + Level 10.6 Earth Magic
 + Level 10.6 Poison Magic
 + Level 13.6 Invocations
 + Level 12.5 Evocations


You had 26 spell levels left.
You knew the following spells:

 Your Spells              Type           Power      Damage    Failure   Level
a - Passwall              Tmut/Erth      22%        N/A       1%          2
b - Ignite Poison         Fire/Tmut/Pois 27%        N/A       1%          3
c - Conjure Flame         Conj/Fire      27%        6-21      1%          3
d - Blink                 Tloc           54%        N/A       1%          2
e - Summon Lightning Spi  Summ/Air       27%        N/A       3%          4
f - Wereblood             Tmut           27%        N/A       1%          2

Your spell library contained the following spells:

 Spells                   Type           Power      Damage    Failure   Level
 Sandblast                Erth           54%        2d13      1%          1
 Poisonous Vapours        Pois/Air       54%        N/A       1%          2
 Sublimation of Blood     Necr           27%        N/A       1%          2
 Call Canine Familiar     Summ           27%        N/A       1%          3
 Lesser Beckoning         Tloc           27%        N/A       1%          3
 Ozocubu's Armour         Ice            27%        N/A       1%          3
 Portal Projectile        Hex/Tloc       54%        N/A       1%          3
 Spider Form              Tmut/Pois      27%        N/A       1%          3
 Stone Arrow              Conj/Erth      54%        3d10      1%          3
 Airstrike                Air            13%        2d(2-18)  3%          4
 Corpse Rot               Necr/Pois/Air  27%        N/A       3%          4
 Leda's Liquefaction      Hex/Erth       13%        N/A       3%          4
 Sticky Flame             Conj/Fire      27%        2d5       3%          4
 Summon Ice Beast         Ice/Summ       27%        N/A       3%          4
 Lightning Bolt           Conj/Air       13%        1d27      11%         5
 Manifold Assault         Tloc           27%        N/A       11%         5
 Metabolic Englaciation   Hex/Ice        13%        N/A       11%         5
 Summon Mana Viper        Hex/Summ       27%        N/A       11%         5
 Simulacrum               Ice/Necr       13%        N/A       52%         6
 Statue Form              Tmut/Erth      18%        N/A       52%         6
 Monstrous Menagerie      Summ           13%        N/A       97%         7
 Storm Form               Tmut/Air       13%        N/A       97%         7
 Summon Hydra             Summ           13%        N/A       97%         7


Dungeon Overview and Level Annotations

Branches:
Dungeon (15/15)            Temple (1/1) D:7            Lair (5/5) D:11
 Shoals (3/4) Lair:3        Snake (4/4) Lair:2        Slime (0/5) Lair:5
    Orc (2/2) D:12            Elf (0/3) Orc:2        Vaults (0/5) D:13
 Depths (0/4) D:15          Sewer (visited)         Gauntlet (visited)

Altars:
Ashenzari
Cheibriados
Dithmenos
Elyvilon
Fedhas
Gozag
Hepliaklqana
Kikubaaqudgha
Makhleb
Nemelex Xobeh
Okawaru
Qazlal
Ru
Sif Muna
Trog
Uskayaw
Vehumet
Wu Jian
Xom
Yredelemnul
Zin
The Shining One
Jiyva
Lugonu

Shops:
D:4 *   D:10 (   D:11 ((   Orc:1 *   Orc:2 =(*   Snake:1 !*?*=   Snake:2 (

Portals:
Hell: Lair:5
Abyss: Shoals:1
Pandemonium: Orc:2

Annotations:
Shoals:3 +2 tower shield


Innate Abilities, Weirdness & Mutations

You have very sharp teeth.
Your uncanny sense of smell can sniff out nearby items.
Your experience applies equally to all skills.


Message History

The naga warrior closely misses you. x2
A guardian serpent comes into view.
The naga warrior hits you but does no damage.
The naga sharpshooter shoots a bolt.
You reflect the bolt off your +0 kite shield of reflection!
The bolt hits the naga sharpshooter!
The anaconda barely misses you.
The naga sharpshooter shoots a bolt.
The bolt hits you!!
* * * LOW HITPOINT WARNING * * *
The naga warrior spits poison at you.
The splash of poison hits you but does no damage.
You are more poisoned.
You resist. The naga warrior constricts you.
You hear a shout!
Blink to where?
Press: ? - help, Dir - move target The naga warrior's grasp on you weakens, but your attempt to escape fails.
As you read the scroll of blinking, it crumbles to dust.
You feel very sick. You block the anaconda's attack.
A naga sharpshooter comes into view. It is wielding a +0 mace.
The naga warrior hits you but does no damage.
The naga warrior completely misses you.
A black mamba comes into view.
The naga warrior hits you with a +0 halberd of flaming.
* * * LOW HITPOINT WARNING * * *
The naga sharpshooter shoots a bolt.
The bolt misses you.
The naga sharpshooter casts a spell.
The naga sharpshooter magically shoots a bolt.
The bolt hits you!
* * * LOW HITPOINT WARNING * * *
The naga warrior completely misses you. The naga warrior constricts you.
You hear a shout! x2; You hear an angry hiss.
You feel much better.
You feel very sick.
The anaconda bites you but does no damage.
The naga warrior hits you with a +0 halberd!!
* * * LOW HITPOINT WARNING * * *
You block the anaconda's attack.
The naga warrior hits you from afar with a +0 trident!!!
You die...

##....#.##..... ...⌠
#.....#..'....# ....
##.....#..#..)+# #..SN
#.....^#..######
##..N####......##.......
#.......##......#.#....#
....N..##.....#'######
#†SNN§##............
##@N..#............
########N§N§.#............
###).......§§§##............
##...........###....<........
#...)#########...............
#...).......##...............
##...........#.........###'##
#######.....##........#....+
...................#....+


You could see 4 naga warriors, 3 naga sharpshooters, a salamander mystic
(strong), an anaconda and a guardian serpent.

Vanquished Creatures
  Vashnia (Snake:3)
  Nikola (Snake:3)
  Rupert (Orc:2)
  Mlioglotl (Shoals:3)
  Polyphemus (Shoals:3)
  A kraken (Shoals:2)
  Donald (Shoals:2)
  Ilsuiw (Shoals:3)
  Roxanne (Shoals:1)
  A frost giant (D:15)
  A spark wasp (Shoals:2)
  A minotaur (Gauntlet)
  2 merfolk javelineers (Shoals:3)
  A fire dragon (Lair:1)
  2 merfolk impalers
  A salamander tyrant (Snake:2)
  4 vault guards (D:13)
  7 hydras
  3 boulder beetles
  A demonspawn (Orc:2)
  A hell beast (Lair:5)
  2 merfolk avatars
  4 anacondas
  3 catoblepae
  8 centaur warriors
  An ogre mage (D:13)
  Erica (D:11)
  An alligator snapping turtle (Shoals:3)
  3 two-headed ogres
  2 satyrs (Shoals:2)
  10 naga warriors
  A death knight (D:15)
  5 naga sharpshooters
  4 tengu warriors
  An alligator (Shoals:3)
  3 death yaks (Shoals:3)
  6 orc high priests (Orc:2)
  3 shock serpents
  Sonja (Lair:1)
  A thrashing horror (Shoals:1)
  3 salamander mystics
  6 skeletal warriors
  A sun demon (Orc:2)
  11 sea snakes
  2 naga ritualists
  12 harpies
  6 deep elf pyromancers
  2 wizards
  7 orc knights
  5 fauns (Shoals:2)
  3 mana vipers
  3 ugly things (D:14)
  10 manticores
  10 salamanders
  10 elephants
  5 orc sorcerers (Orc:2)
  An elephant (shapeshifter) (D:12)
  3 water nymphs
  5 cyclopes
  2 molten gargoyles (Gauntlet)
  7 guardian serpents
  2 apocalypse crabs (Shoals:1)
  4 merfolk sirens
  A rust devil (Orc:2)
  9 naga magi
  18 black mambas
  5 orange demons
  5 gargoyles
  9 cane toads
  An unseen horror (D:11)
  A minotaur zombie (Gauntlet)
  4 komodo dragons
  A yaktaur (D:13)
  6 rime drakes
  An ice devil (Lair:5)
  4 tengu conjurers
  A hellwing (Lair:5)
  A freezing wraith (D:15)
  10 trolls
  18 merfolk
  2 polar bears (Lair:2)
  A red devil (Lair:5)
  A hornet (D:7)
  9 blink frogs
  16 slime creatures
  7 wind drakes
  4 snapping turtles
  8 dream sheep
  Sigmund (D:3)
  A shadow (D:12)
  3 water elementals
  3 wraiths
  3 wyverns (Lair:5)
  A culicivora (shapeshifter) (D:15)
  A human (D:4)
  A basilisk (shapeshifter) (D:8)
  4 fire bats (Lair:3)
  Eustachio (D:4)
  3 steam dragons
  53 yaks
  3 vampire mosquitoes (D:11)
  5 basilisks
  2 chaos spawn
  5 wargs
  A spatial vortex (Shoals:1)
  32 nagas
  4 hell hounds (Lair:5)
  18 water moccasins
  24 orc warriors
  8 black bears
  2 small abominations (Shoals:1)
  7 ogres
  2 ice beasts (D:6)
  6 wolves (Lair:3)
  19 centaurs
  4 phantoms
  7 kobold brigands
  12 bullfrogs
  A necrophage (D:7)
  A scorpion (D:5)
  10 wights
  9 killer bees
  4 troll zombies (D:12)
  2 howler monkeys
  15 electric eels
  4 crimson imps (D:7)
  A hound (D:5)
  A gnoll bouda (D:8)
  2 jellies
  22 orc priests
  Jessica (D:3)
  6 iguanas
  19 orc wizards
  2 ogre zombies (D:12)
  Robin (D:3)
  15 gnolls
  12 adders
  3 river rats (Sewer)
  2 shadow imps
  A white imp (D:8)
  3 ufetubi
  2 worms
  82 orcs
  7 endoplasms
  3 giant cockroaches (D:3)
  12 goblins
  7 hobgoblins
  4 jackals (D:5)
  21 kobolds
  5 quokkas
  9 ball pythons
  6 bats
  5 frilled lizards (Sewer)
  2 goblin skeletons (D:12)
  2 goblin zombies (D:12)
  3 hobgoblin zombies (D:12)
  A jackal skeleton (D:4)
  5 orc skeletons (D:12)
  7 orc zombies (D:12)
  5 rats
  41 fungi
  122 plants
  8 tentacles (Shoals:2)
1089 creatures vanquished.

Notes
Turn   | Place    | Note
-------+----------+-------------------------------------------
     0 | D:1      | jfcaron the Gnoll Hunter began the quest for the Orb.
     0 | D:1      | Reached XP level 1. HP: 20/20 MP: 1/1
    84 | D:1      | Found a faded altar of an unknown god.
   368 | D:1      | Reached XP level 2. HP: 26/26 MP: 2/2
   786 | D:2      | Identified the +4 pair of gloves of the Mackerel {rF++
                  | Str-2 Dex+4}
   807 | D:2      | Reached XP level 3. HP: 29/31 MP: 3/3
   887 | D:2      | Reached skill level 1 in Invocations
   991 | D:2      | Reached skill level 1 in Short Blades
   991 | D:2      | Reached skill level 1 in Long Blades
   991 | D:2      | Reached skill level 1 in Axes
   991 | D:2      | Reached skill level 1 in Maces & Flails
   991 | D:2      | Reached skill level 1 in Polearms
   991 | D:2      | Reached skill level 1 in Staves
   991 | D:2      | Reached skill level 1 in Throwing
   991 | D:2      | Reached skill level 1 in Armour
   991 | D:2      | Reached skill level 1 in Shields
   991 | D:2      | Reached skill level 1 in Unarmed Combat
   991 | D:2      | Reached skill level 1 in Spellcasting
   991 | D:2      | Reached skill level 1 in Evocations
  1120 | D:2      | Reached XP level 4. HP: 38/38 MP: 5/5
  1495 | D:3      | Noticed Jessica
  1497 | D:3      | Killed Jessica
  1498 | D:3      | Reached skill level 1 in Conjurations
  1498 | D:3      | Reached skill level 1 in Hexes
  1498 | D:3      | Reached skill level 1 in Summonings
  1498 | D:3      | Reached skill level 1 in Necromancy
  1498 | D:3      | Reached skill level 1 in Translocations
  1498 | D:3      | Reached skill level 1 in Transmutations
  1498 | D:3      | Reached skill level 1 in Fire Magic
  1498 | D:3      | Reached skill level 1 in Ice Magic
  1498 | D:3      | Reached skill level 1 in Air Magic
  1498 | D:3      | Reached skill level 1 in Earth Magic
  1498 | D:3      | Reached skill level 1 in Poison Magic
  1724 | D:3      | Noticed Sigmund
  1751 | D:3      | Killed Sigmund
  1752 | D:3      | Reached skill level 5 in Fighting
  1752 | D:3      | Reached skill level 5 in Dodging
  1752 | D:3      | Reached XP level 5. HP: 14/44 MP: 6/8
  1752 | D:3      | Reached XP level 6. HP: 16/51 MP: 6/9
  2223 | D:3      | Noticed Robin
  2250 | D:3      | Killed Robin
  2659 | D:4      | Found Ucazenni's General Store.
  2682 | D:4      | Reached XP level 7. HP: 38/56 MP: 10/10
  2692 | D:4      | Noticed a yak
  2692 | D:4      | Noticed a yak
  2693 | D:4      | Noticed a yak
  2695 | D:4      | Bought a potion of curing for 39 gold pieces
  2744 | D:4      | Noticed Eustachio
  2761 | D:4      | Killed Eustachio
  2783 | D:4      | Found a stormy altar of Qazlal.
  2783 | D:4      | Noticed a fire elemental
  2786 | D:4      | Noticed a water elemental
  2786 | D:4      | Noticed an air elemental
  2994 | D:4      | Found a runed translucent door.
  2994 | D:4      | Noticed a human
  3001 | D:4      | Found a basalt altar of Yredelemnul.
  3201 | D:4      | Found a glowing drain.
  3208 | Sewer    | Entered a sewer
  3371 | Sewer    | Reached skill level 9 in Ranged Weapons
  3554 | Sewer    | Reached XP level 8. HP: 51/63 MP: 12/12
  4402 | D:4      | Killed a yak
  4410 | D:4      | Killed a yak
  4420 | D:4      | Killed a yak
  5014 | D:5      | Entered Level 5 of the Dungeon
  5602 | D:5      | Reached XP level 9. HP: 49/69 MP: 14/14
  6007 | D:4      | Bought 2 scrolls of teleportation for 78 gold pieces
  6741 | D:6      | Reached skill level 5 in Stealth
  7037 | D:6      | Found a hide-covered altar of Uskayaw.
  7598 | D:7      | Noticed a hornet
  7604 | D:7      | Reached skill level 5 in Invocations
  7637 | D:6      | HP: 12/71 [ice beast (5)]
  7934 | D:7      | Killed a hornet
  8090 | D:7      | Found a staircase to the Ecumenical Temple.
  8100 | Temple   | Entered the Ecumenical Temple
  8149 | Temple   | Became a worshipper of Dithmenos the Shadowed
  8185 | D:7      | Found an opulent altar of Gozag.
  8281 | D:7      | Reached skill level 5 in Short Blades
  8281 | D:7      | Reached skill level 5 in Long Blades
  8281 | D:7      | Reached skill level 5 in Axes
  8281 | D:7      | Reached skill level 5 in Maces & Flails
  8281 | D:7      | Reached skill level 5 in Polearms
  8281 | D:7      | Reached skill level 5 in Staves
  8281 | D:7      | Reached skill level 5 in Throwing
  8281 | D:7      | Reached skill level 5 in Armour
  8281 | D:7      | Reached skill level 5 in Shields
  8281 | D:7      | Reached skill level 5 in Unarmed Combat
  8281 | D:7      | Reached skill level 5 in Spellcasting
  8281 | D:7      | Reached skill level 5 in Evocations
  8281 | D:7      | Reached XP level 10. HP: 63/77 MP: 17/17
  8291 | D:7      | Reached skill level 10 in Ranged Weapons
  8307 | D:7      | HP: 10/77 [yak (7)]
  8325 | D:7      | HP: 15/79 [yak (8)]
  8331 | D:7      | HP: 14/79 [yak (2)]
  8337 | D:7      | HP: 14/79 [yak (2)]
  8715 | D:7      | Found a shimmering altar of Xom.
  9039 | D:7      | HP: 15/79 [something/ball of steam (3)]
  9433 | D:7      | Found a sacrificial altar of Ru.
  9834 | D:7      | Reached * piety under Dithmenos
 10294 | D:8      | Noticed a two-headed ogre
 10307 | D:8      | Killed a two-headed ogre
 10586 | D:8      | Identified the ring of Jamit {MP+9 Int+4}
 10607 | D:8      | Reached skill level 5 in Conjurations
 10607 | D:8      | Reached skill level 5 in Hexes
 10607 | D:8      | Reached skill level 5 in Summonings
 10607 | D:8      | Reached skill level 5 in Necromancy
 10607 | D:8      | Reached skill level 5 in Translocations
 10607 | D:8      | Reached skill level 5 in Transmutations
 10607 | D:8      | Reached skill level 5 in Fire Magic
 10607 | D:8      | Reached skill level 5 in Ice Magic
 10607 | D:8      | Reached skill level 5 in Air Magic
 10607 | D:8      | Reached skill level 5 in Earth Magic
 10607 | D:8      | Reached skill level 5 in Poison Magic
 10686 | D:8      | Reached XP level 11. HP: 44/85 MP: 20/20
 11236 | D:8      | Noticed a two-headed ogre
 11246 | D:8      | Killed a two-headed ogre
 11246 | D:8      | Reached ** piety under Dithmenos
 11481 | D:8      | Found a blossoming altar of Fedhas.
 11993 | D:4      | Bought a wand of mindburst (17) for 309 gold pieces
 11993 | D:4      | Upgraded the game from 0.29-a0-998-g1987434951 to
                  | 0.29-a0-1006-g0dd7720b37
 12382 | D:9      | Found a white marble altar of Elyvilon.
 12382 | D:9      | You fall into a shaft and drop 2 floors!
 12467 | D:11     | Found a staircase to the Lair.
 12539 | D:11     | Found a shimmering blue altar of Sif Muna.
 12576 | D:11     | Found Xeipt's Weapon Emporium.
 12608 | D:11     | Noticed Erica
 12636 | D:11     | Killed Erica
 12686 | D:11     | Found Ycitsim's Weapon Emporium.
 12708 | D:10     | Entered Level 10 of the Dungeon
 12843 | D:10     | Found a sparkling altar of Nemelex Xobeh.
 12882 | D:10     | Reached *** piety under Dithmenos
 13120 | D:9      | Reached skill level 11 in Ranged Weapons
 13631 | D:10     | Found Doub's Weapon Emporium.
 13654 | D:10     | Reached XP level 12. HP: 84/94 MP: 22/22
 13905 | D:10     | Found a glowing silver altar of Zin.
 13955 | D:10     | Found a shimmering blue altar of Sif Muna.
 14237 | D:10     | Found an ornate altar of the Wu Jian Council.
 14628 | D:11     | Reached **** piety under Dithmenos
 14964 | D:11     | Noticed a two-headed ogre
 14968 | D:11     | Noticed a four-headed hydra
 14969 | D:11     | Killed a two-headed ogre
 14985 | D:11     | Killed a one-headed hydra
 15409 | Lair:1   | Entered Level 1 of the Lair of Beasts
 15762 | Lair:1   | Noticed Sonja
 15767 | Lair:1   | Noticed a fire dragon
 15770 | Lair:1   | Killed Sonja
 16540 | Lair:1   | Killed a fire dragon
 16921 | Lair:2   | Reached XP level 13. HP: 73/101 MP: 25/25
 17147 | Lair:2   | Found a staircase to the Snake Pit.
 17769 | Lair:3   | Learned a level 2 spell: Passwall
 17773 | Lair:3   | Learned a level 3 spell: Ignite Poison
 17777 | Lair:3   | Learned a level 3 spell: Conjure Flame
 18073 | Lair:3   | Found a staircase to the Shoals.
 18195 | Lair:3   | Reached ***** piety under Dithmenos
 18647 | Lair:4   | Reached skill level 12 in Ranged Weapons
 19253 | Lair:5   | Entered Level 5 of the Lair of Beasts
 19326 | Lair:5   | Reached skill level 10 in Fighting
 19326 | Lair:5   | Reached skill level 10 in Dodging
 19934 | Lair:5   | Reached skill level 10 in Invocations
 19934 | Lair:5   | Reached XP level 14. HP: 110/110 MP: 27/27
 20096 | Lair:5   | Found a viscous altar of Jiyva.
 20096 | Lair:5   | Found a staircase to the Slime Pits.
 20668 | Lair:5   | Found a burning altar of Makhleb.
 20860 | Lair:5   | Found a gateway to Hell.
 20868 | Lair:5   | Got the Directory of Mutagenic Contamination
 21215 | D:12     | Found an opulent altar of Gozag.
 21463 | D:12     | Learned a level 2 spell: Blink
 21702 | D:12     | Found a staircase to the Orcish Mines.
 22148 | Orc:1    | Entered Level 1 of the Orcish Mines
 22221 | Orc:1    | Reached ****** piety under Dithmenos
 22282 | Orc:1    | Found Udontucwe's General Store.
 22470 | Orc:2    | Entered Level 2 of the Orcish Mines
 22480 | Orc:2    | Noticed Rupert
 22493 | Orc:2    | Killed Rupert
 22676 | Orc:2    | Reached skill level 10 in Stealth
 22706 | Orc:2    | Found Banar's General Store.
 22730 | Orc:2    | HP: 21/105 [orc warrior/+0 trident (3)]
 22798 | Orc:2    | Found Atew Bemoa's Distillery.
 22845 | Orc:2    | Bought a potion of heal wounds for 90 gold pieces
 23616 | Orc:2    | Found a staircase to the Elven Halls.
 24063 | Orc:2    | Reached skill level 10 in Short Blades
 24063 | Orc:2    | Reached skill level 10 in Long Blades
 24063 | Orc:2    | Reached skill level 10 in Axes
 24063 | Orc:2    | Reached skill level 10 in Maces & Flails
 24063 | Orc:2    | Reached skill level 10 in Polearms
 24063 | Orc:2    | Reached skill level 10 in Staves
 24063 | Orc:2    | Reached skill level 10 in Throwing
 24063 | Orc:2    | Reached skill level 10 in Armour
 24063 | Orc:2    | Reached skill level 10 in Shields
 24063 | Orc:2    | Reached skill level 10 in Unarmed Combat
 24063 | Orc:2    | Reached skill level 10 in Spellcasting
 24063 | Orc:2    | Reached skill level 10 in Evocations
 24122 | Orc:2    | Reached skill level 13 in Ranged Weapons
 24182 | Orc:2    | Reached XP level 15. HP: 28/118 MP: 29/29
 24183 | Orc:2    | HP: 19/118 [red devil/+1 demon trident of electrocution[an
                  | orc high priest] (12)]
 24286 | Orc:2    | Found Qiudin's Jewellery Shop.
 24286 | Orc:2    | Found a one-way gate leading to the halls of Pandemonium.
 24286 | Orc:2    | Found Beivuip's Antique Weapon Boutique.
 24453 | Orc:2    | Bought a scroll of enchant armour for 135 gold pieces
 24453 | Orc:2    | Bought a wand of paralysis (5) for 216 gold pieces
 24455 | Orc:2    | Bought a potion of curing for 39 gold pieces
 24455 | Orc:2    | Bought a potion of haste for 130 gold pieces
 24455 | Orc:2    | Bought 2 potions of flight for 78 gold pieces
 24455 | Orc:2    | Bought a potion of curing for 39 gold pieces
 24455 | Orc:2    | Bought a potion of curing for 39 gold pieces
 24455 | Orc:2    | Bought 2 potions of curing for 78 gold pieces
 24455 | Orc:2    | Bought a potion of lignification for 39 gold pieces
 24455 | Orc:2    | Bought a potion of resistance for 130 gold pieces
 24511 | Orc:1    | Bought a scroll of magic mapping for 120 gold pieces
 24541 | D:12     | Upgraded the game from 0.29-a0-1006-g0dd7720b37 to
                  | 0.29-a0-1009-g60c99734e7
 25466 | D:13     | Found a gate to the Vaults.
 25692 | D:14     | Learned a level 4 spell: Summon Lightning Spire
 25844 | D:14     | HP: 17/119 [skeletal warrior/+0 war axe (22)]
 26818 | D:15     | Entered Level 15 of the Dungeon
 26827 | D:15     | Found a gate leading to a gauntlet.
 26856 | D:15     | HP: 20/112 [freezing wraith[a death knight] (12)]
 26864 | D:15     | HP: 19/113 [wraith[a death knight] (8)]
 26875 | D:15     | HP: 19/114 [wraith[a death knight] (10)]
 26892 | Gauntlet | Entered a Gauntlet
 26892 | Gauntlet | Found a transporter.
 26892 | Gauntlet | Found a transporter.
 26963 | Gauntlet | Found a runed translucent door.
 26965 | Gauntlet | Found a transporter.
 26967 | Gauntlet | Found a runed translucent door.
 26977 | Gauntlet | Found a transporter.
 26995 | Gauntlet | Found a transporter.
 26995 | Gauntlet | Found a transporter.
 26995 | Gauntlet | Found a transporter.
 26997 | Gauntlet | Found a transporter.
 26997 | Gauntlet | Found a transporter.
 27010 | Gauntlet | Found a transporter.
 27026 | Gauntlet | Found a transporter.
 27036 | Gauntlet | Found a transporter.
 27068 | Gauntlet | Found a transporter.
 27090 | Gauntlet | Found a transporter.
 27485 | D:14     | Identified a scroll of acquirement
 27487 | D:14     | Acquired a +5 quick blade
 27996 | D:15     | Reached XP level 16. HP: 114/117 MP: 30/30
 28631 | D:15     | Found a staircase to the Depths.
 29008 | D:9      | Upgraded the game from 0.29-a0-1009-g60c99734e7 to
                  | 0.29-a0-1016-g236c7fd91e
 29008 | D:9      | Upgraded the game from 0.29-a0-1016-g236c7fd91e to
                  | 0.29-a0-1019-g84f7d21838
 29008 | D:9      | Upgraded the game from 0.29-a0-1019-g84f7d21838 to
                  | 0.29-a0-1033-gb6c65ffae6
 29179 | Shoals:1 | Entered Level 1 of the Shoals
 29380 | Shoals:1 | Found a runed translucent door.
 29387 | Shoals:1 | Found a corrupted altar of Lugonu.
 29387 | Shoals:1 | Found a one-way gate to the infinite horrors of the Abyss.
 29549 | Shoals:1 | Identified Roxanne's Anthology of Transmogrification
 29549 | Shoals:1 | Noticed Roxanne
 30131 | Shoals:1 | Killed Roxanne
 30215 | Shoals:2 | HP: 22/111 [spark wasp (14)]
 30365 | Shoals:2 | Reached skill level 14 in Ranged Weapons
 30902 | Shoals:2 | Noticed a kraken
 30933 | Shoals:2 | Killed a kraken
 31000 | Shoals:2 | Noticed Donald
 31002 | Shoals:2 | Killed Donald
 31195 | Shoals:3 | Noticed Polyphemus
 31223 | Shoals:3 | Killed Polyphemus
 31332 | Shoals:3 | Noticed Mlioglotl
 31353 | Shoals:3 | Killed Mlioglotl
 31416 | Shoals:3 | Noticed Louise
 31422 | Shoals:3 | Noticed Louise
 31422 | Shoals:3 | Louise changed into Louise the alligator
 31425 | Shoals:3 | Killed Louise the alligator
 31589 | Shoals:3 | Reached XP level 17. HP: 135/135 MP: 32/32
 31622 | Shoals:3 | Noticed Ilsuiw
 31631 | Shoals:3 | HP: 14/135 [merfolk javelineer/javelin[Ilsuiw] (14)]
 31632 | Shoals:3 | Killed Ilsuiw
 31633 | Shoals:3 | Reached skill level 10 in Conjurations
 31633 | Shoals:3 | Reached skill level 10 in Hexes
 31633 | Shoals:3 | Reached skill level 10 in Summonings
 31633 | Shoals:3 | Reached skill level 10 in Necromancy
 31633 | Shoals:3 | Reached skill level 10 in Translocations
 31633 | Shoals:3 | Reached skill level 10 in Transmutations
 31633 | Shoals:3 | Reached skill level 10 in Fire Magic
 31633 | Shoals:3 | Reached skill level 10 in Ice Magic
 31633 | Shoals:3 | Reached skill level 10 in Air Magic
 31633 | Shoals:3 | Reached skill level 10 in Earth Magic
 31633 | Shoals:3 | Reached skill level 10 in Poison Magic
 31635 | Shoals:3 | HP: 6/135 [poisoned by a sea snake]
 31640 | Shoals:3 | HP: 5/135 [poisoned by a sea snake]
 32775 | D:9      | Upgraded the game from 0.29-a0-1033-gb6c65ffae6 to
                  | 0.29-a0-1043-g569b05d6ff
 32955 | Snake:1  | Entered Level 1 of the Snake Pit
 33074 | Snake:1  | Learned a level 2 spell: Wereblood
 33650 | Snake:1  | Found Jur Pyle's Jewellery Emporium.
 33650 | Snake:1  | Found Dysam's Magic Scroll Shoppe.
 33650 | Snake:1  | Found Zatoujit's Assorted Antiques.
 33668 | Snake:1  | Found Jiosmaen's Distillery.
 33668 | Snake:1  | Found Fuhez's General Store.
 33979 | Snake:1  | Bought a crystal demon blade for 600 gold pieces
 33979 | Snake:1  | Identified the +9 demon blade of Extremism {vamp, rF+
                  | Str+3} (You bought it in a shop on level 1 of the Snake
                  | Pit)
 33987 | Snake:1  | Bought a ring of poison resistance for 220 gold pieces
 34027 | Snake:2  | Found Huneekhu's Weapon Shop.
 34453 | Snake:2  | You fall into a shaft and drop 1 floor!
 35206 | Snake:1  | Bought a scroll of blinking for 135 gold pieces
 35215 | Snake:1  | Bought a scroll of poison for 52 gold pieces
 35215 | Snake:1  | Bought a scroll of fear for 52 gold pieces
 35416 | Snake:3  | Noticed Nikola
 35421 | Snake:3  | Killed Nikola
 35893 | Snake:3  | Noticed Vashnia
 35971 | Snake:3  | Killed Vashnia
 36088 | Snake:3  | Identified the +3 shortbow of Vuschaets {flame, *Slow rPois
                  | MP-9 Dex+7}
 36637 | Snake:4  | Entered Level 4 of the Snake Pit
 36979 | Snake:4  | Reached XP level 18. HP: 130/143 MP: 27/34
 37002 | Snake:4  | HP: 24/136 [naga sharpshooter/bolt (21)]
 37003 | Snake:4  | HP: 9/137 [naga sharpshooter/bolt (10)]
 37004 | Snake:4  | Annihilated by a naga warrior

Illustrated notes

Levels and vault maps discovered:
D:1:      scummos_arrival_gate, layout_basic,
          shapermc_ecumenical_altar_flowoftime
D:2:      layout_basic, dreamdust_princess_bridge, dreamdust_princess_corridor
D:3:      layout_basic, uniq_robin, uniq_sigmund, uniq_jessica
D:4:      layout_basic, dk_yredelemnul_ordeal, nicolae_qazlal_style_of_elements,
          serial_glass, glass_columns_b, glass_columns_b, glass_columns_a,
          glass_columns_a, serial_shops, nicolae_diamond_shop,
          cheibrodos_sewer_entry_bend, minmay_misc_feat_nine_boxes,
          moated_statue, uniq_eustachio
D:5:      layout_rooms
D:6:      layout_loops_corners, mainiacjoe_overflow_paths,
          nicolae_concentric_dashed_squares_mild
D:7:      layout_loops_ring, marbit_many_paths, led_xom_imps,
          lemuel_crystal_altar, minmay_temple_entry_glass, serial_aquarium,
          aquarium_bridge_square [aquarium_subvault_window,
          aquarium_subvault_bridge, aquarium_subvault_bridge,
          aquarium_subvault_window], aquarium_bridge_square
          [aquarium_subvault_wall, aquarium_subvault_bridge,
          aquarium_subvault_wall, aquarium_subvault_window], aquarium_window_1,
          aquarium_window_1, aquarium_view_2d, aquarium_balcony_3b,
          grunt_decor_fettered
D:8:      minmay_the_grid_square_5x5_3x3 [minmay_the_grid_square_5x5_meh,
          minmay_the_grid_square_5x5_slash, minmay_the_grid_square_5x5_tie,
          minmay_the_grid_square_5x5_broken_cross,
          minmay_the_grid_square_5x5_megaprize_diamond,
          minmay_the_grid_square_5x5_half_checkered,
          minmay_the_grid_square_5x5_one_wall, minmay_the_grid_square_5x5_inset,
          minmay_the_grid_square_5x5_two_walls_b], layout_basic,
          fedhas_bush_and_centaur_altar, kennysheep_boxes
D:9:      lemuel_ice_spiral_2, layout_irregular_city, elyvilon_altar_1,
          statue_in_the_mist_lemuel
D:10:     layout_basic, lemuel_doored_altar, mainiacjoe_overflow_catwalk,
          kennysheep_mini, mainiacjoe_overflow_small_starburst,
          nicolae_take_the_stairs, minmay_lizard_king
D:11:     layout_small_grid, due_lair_maze_entry_diamond, serial_shops,
          nicolae_diamond_shop, shop, nicolae_sif_muna_condensation, uniq_erica
D:12:     layout_basic, zombieorc1_lemuel,
          nicolae_gozag_cash_rules_everything_around_me
D:13:     layout_roguey, grunt_vaults_entry_fortified
D:14:     layout_small_grid, chequers_arboretum
D:15:     grunt_enter_depths_snipers, layout_grid_maze, gauntlet_entry_generic,
          hellmonk_bongcloud_opening
Temple:   eino_wide_crystal_templ
Lair:1:   dragon1_lemuel, layout_cave_pods, serial_bayou_crossing, uniq_sonja
Lair:2:   layout_loops_ring, guppyfry_snake_entry_garden,
          gammafunk_lair_bear_cave
Lair:3:   layout_gridlike, shoals_dummy_entry
Lair:4:   layout_layer_cave, dreamdust_mushroom_princess
Lair:5:   evil_forest, layout_regular_city, slime_entry_1, st_stairs_8
Shoals:1: layout_shoals, nicolae_shoals_abyss_on_the_beach, uniq_roxanne
Shoals:2: layout_shoals, uniq_donald
Shoals:3: layout_shoals, uniq_ilsuiw, uniq_louise, uniq_polyphemus,
          uniq_mlioglotl
Snake:1:  layout_chambers, nicolae_snake_serpentine_bazaar
Snake:2:  layout_layer_cave, serial_shops, nicolae_shop_bloodbath_and_beyond
Snake:3:  layout_onion_interference, grunt_megastairs_5, uniq_vashnia,
          uniq_nikola
Snake:4:  grunt_snake_rune_serpentine_throne, layout_cave_town,
          lemuel_fruit_tree
Orc:1:    layout_caves, serial_shops, nicolae_shop_stone
Orc:2:    pf_orc_diabolical, layout_diamond_mine, uniq_rupert

Skill      XL: |  1  2  3  4  5  6  7  8  9 10 11 12 13 14 15 16 17 |
---------------+----------------------------------------------------+-----
Invocations    | 1 2 3 4 5 6 7 8 10 11 12 13 | 13.6
Short Blades   | 1 2 3 5 6 7 8 9 10 11 12 | 12.5
Long Blades    | 1 2 3 5 6 7 8 9 10 11 12 | 12.5
Axes           | 1 2 3 5 6 7 8 9 10 11 12 | 12.5
Maces & Flails | 1 2 3 5 6 7 8 9 10 11 12 | 12.5
Polearms       | 1 2 3 5 6 7 8 9 10 11 12 | 12.5
Staves         | 1 2 3 5 6 7 8 9 10 11 12 | 12.5
Throwing       | 1 2 3 5 6 7 8 9 10 11 12 | 12.5
Armour         | 1 2 3 5 6 7 8 9 10 11 12 | 12.5
Shields        | 1 2 3 5 6 7 8 9 10 11 12 | 12.5
Unarmed Combat | 1 2 3 5 6 7 8 9 10 11 12 | 12.5
Spellcasting   | 1 2 3 5 6 7 8 9 10 11 12 | 12.5
Evocations     | 1 2 3 5 6 7 8 9 10 11 12 | 12.5
Conjurations   | 1 2 3 4 5 6 7 8 9 10 | 10.6
Hexes          | 1 2 3 4 5 6 7 8 9 10 | 10.6
Summonings     | 1 2 3 4 5 6 7 8 9 10 | 10.6
Necromancy     | 1 2 3 4 5 6 7 8 9 10 | 10.6
Translocations | 1 2 3 4 5 6 7 8 9 10 | 10.6
Transmutations | 1 2 3 4 5 6 7 8 9 10 | 10.6
Fire Magic     | 1 2 3 4 5 6 7 8 9 10 | 10.6
Ice Magic      | 1 2 3 4 5 6 7 8 9 10 | 10.6
Air Magic      | 1 2 3 4 5 6 7 8 9 10 | 10.6
Earth Magic    | 1 2 3 4 5 6 7 8 9 10 | 10.6
Poison Magic   | 1 2 3 4 5 6 7 8 9 10 | 10.6
Fighting       | 5 6 7 8 9 10 11 12 13 | 13.3
Dodging        | 5 6 7 8 9 10 11 12 13 | 13.3
Stealth        | 3 4 5 6 7 8 9 10 11 12 | 12.7
Ranged Weapons | 9 10 11 12 13 14 | 14.9

Action                   |  1- 3 |  4- 6 |  7- 9 | 10-12 | 13-15 | 16-18 || total
-------------------------+-------+-------+-------+-------+-------+-------++-------
Melee: Dagger            |       |       |   111 |    27 |    96 |       ||   234
       Bite              |       |       |    27 |    79 |   198 |   100 ||   404
       Punch             |       |       |     3 |     3 |       |       ||     6
       Halberd           |       |       |    35 |       |       |       ||    35
       Staff             |       |       |    51 |   140 |    19 |       ||   210
       Scimitar          |       |       |       |   355 |  1022 |       ||  1377
       Flail             |       |       |       |    15 |       |       ||    15
       Broad axe         |       |       |       |       |    19 |   454 ||   473
       Quick blade       |       |       |       |       |     7 |    87 ||    94
       Demon blade       |       |       |       |       |       |   124 ||   124
 Fire: Shortbow          |    49 |   146 |   293 |   217 |       |       ||   705
       Sling             |       |       |       |   262 |   417 |    23 ||   702
Throw: Dart              |       |       |     2 |    14 |   120 |    79 ||   215
       Boomerang         |       |       |       |     5 |       |       ||     5
 Cast: Blink             |       |       |       |       |     1 |     1 ||     2
       Summon Lightning  |       |       |       |       |       |    22 ||    22
       Wereblood         |       |       |       |       |       |    10 ||    10
       Ignite Poison     |       |       |       |       |       |     1 ||     1
Invok: Shadow Step       |       |       |       |       |     4 |     8 ||    12
 Abil: Evoke Invisibilit |       |       |       |     2 |     4 |       ||     6
Evoke: Wand              |       |       |     6 |    23 |    18 |    49 ||    96
       Box of beasts     |       |       |       |       |     2 |     1 ||     3
       Phial of floods   |       |       |       |       |     1 |       ||     1
       Tin of tremorston |       |       |       |       |       |     7 ||     7
  Use: Scroll            |       |     4 |    14 |     7 |    10 |     4 ||    39
       Potion            |       |       |     8 |     6 |     3 |     3 ||    20
 Stab: Invisible         |       |       |       |     4 |     9 |     6 ||    19
       Paralysed         |       |       |       |     3 |     1 |     4 ||     8
       Sleeping          |       |       |       |     1 |    23 |    46 ||    70
       Distracted        |       |       |       |       |     2 |    10 ||    12
       Petrified         |       |       |       |       |       |     9 ||     9
Armor: Ring mail         |     5 |       |       |       |       |       ||     5
       Scale mail        |     8 |    30 |       |       |       |       ||    38
       Plate armour      |       |    27 |   412 |   199 |       |       ||   638
       Skin              |       |       |    71 |       |       |       ||    71
       Quicksilver drago |       |       |       |   150 |   419 |   182 ||   751
Dodge: Dodged            |    23 |    46 |   101 |   431 |   986 |   575 ||  2162
Block: Buckler           |       |       |       |   183 |   463 |   121 ||   767
       Kite shield       |       |       |       |       |       |   278 ||   278
       Reflection        |       |       |       |       |       |    28 ||    28

Table legend: (Time is in decaauts)
 A = Elapsed time spent in this place.
 B = Non-inter-level travel time spent in this place.
 C = Inter-level travel time spent in this place.
 D = Time resting spent in this place.
 E = Time spent auto-exploring this place.
 F = Levels seen in this place.
 G = Mean time per level.
                   A        B        C        D        E       F      G
               +--------+--------+--------+--------+--------+-----+--------+
         Total |  37496 |  33798 |   3698 |   4750 |  19944 |  32 | 1171.8 |
       Dungeon |  20051 |  17820 |   2231 |   3143 |  10114 |  15 | 1336.7 |
        Temple |     61 |     49 |     12 |      0 |     35 |   1 |   61.0 |
          Lair |   5975 |   5218 |    757 |    306 |   3645 |   5 | 1195.0 |
        Shoals |   3399 |   3192 |    207 |    472 |   1648 |   3 | 1133.0 |
     Snake Pit |   3988 |   3711 |    277 |    281 |   2630 |   4 |  997.0 |
  Orcish Mines |   2334 |   2121 |    213 |    388 |   1034 |   2 | 1167.0 |
         Sewer |   1180 |   1180 |      0 |    113 |    688 |   1 | 1180.0 |
      Gauntlet |    505 |    505 |      0 |     44 |    150 |   1 |  505.0 |
               +--------+--------+--------+--------+--------+-----+--------+

Top non-repeatable levels by time:
     D:8: 2162 daAuts
     D:7: 1970 daAuts
     D:6: 1932 daAuts
     D:4: 1872 daAuts
   Orc:2: 1730 daAuts
  Lair:5: 1691 daAuts
  Lair:1: 1524 daAuts
 Snake:3: 1496 daAuts
     D:9: 1360 daAuts
Shoals:3: 1267 daAuts
    D:12: 1264 daAuts
     D:3: 1263 daAuts
    D:10: 1253 daAuts
    D:14: 1188 daAuts
   Sewer: 1180 daAuts
